Map: Ascension to Aiur LE

Players

stakiimaN (stakimaN) - Winner!

  • Race: Zerg Zerg
  • Spawn Location: 5:00

HateMe

  • Race: Zerg Zerg
  • Spawn Location: 11:00

Event: WCS Valencia 2017

VOD

Have the link to the VOD?

Description

Time

  • Played on: July 13, 2017, 9:45 a.m.
  • Length: 10:07

All games in this series

Show
View Real Time Build Order
Export as new Build Order

stakiimaN Zerg - Winner!

Build Orders: Hatch First 

Get SALT Encoding   

  12  0:10  Overlord  
  12  0:12  Drone  
  13  0:17  Drone  
  14  0:28  Drone  
  15  0:32  Drone  
  16  0:43  Drone  
  17  0:52  Hatchery  
  17  0:55  Drone  
  18  1:04  Drone  
  18  1:10  Extractor  
  17  1:14  Spawning Pool  
  17  1:17  Drone  
  18  1:25  Drone  
  18  1:36  Drone  
  19  1:47  Overlord  
  19  2:00  Queen  
  21  2:01  Zergling x2  
  21  2:03  Queen  
  21  2:04  Zergling x2  
  25  2:08  Zergling x2  
  25  2:10  Metabolic Boost  
  25  2:14  Drone  
  27  2:19  Drone  
  28  2:27  Drone  
  29  2:30  Drone  
  29  2:36  Drone  
  31  2:41  Drone  
  32  2:46  Drone  
  32  2:49  Hatchery  
  32  2:55  Drone  
  32  2:57  Baneling Nest  
  32  2:59  Overlord  
  32  3:02  Drone  
  33  3:14  Drone x3  
  33  3:17  Drone  
  33  3:18  Drone x3  
  40  3:20  Drone  
  40  3:27  Overlord  
  41  3:31  Drone  
  42  3:38  Zergling x2  
  43  3:42  Baneling x2  
  43  3:43  Zergling x2  
  43  3:46  Drone x5  
  49  3:50  Overlord  
  49  3:51  Zergling x2  
  50  3:56  Extractor, Roach Warren  
  50  3:59  Evolution Chamber  
  47  4:03  Baneling  
  47  4:04  Baneling  
  47  4:05  Queen  
  49  4:10  Zergling x2  
  49  4:11  Zergling x4  
  49  4:13  Zergling x6  
  55  4:22  Drone x5  
  55  4:24  Drone  
  61  4:28  Overlord  
  61  4:32  Zerg Missile Weapons Level 1  
  61  4:37  Lair  
  60  4:41  Drone x3  
  60  4:43  Extractor  
  62  4:48  Drone  
  62  4:49  Drone  
  62  4:50  Drone x3  
  66  5:03  Drone x2  
  66  5:04  Drone x5  
  66  5:06  Drone  
  73  5:10  Extractor  
  72  5:24  Overlord x5  
  72  5:25  Overlord x2  
  72  5:28  Drone  
  73  5:33  Extractor  
  72  5:39  Glial Reconstitution  
  80  5:42  Roach x4  
  80  5:44  Roach  
  80  5:45  Roach x2  
  80  5:48  Roach  
  80  5:49  Roach  
  90  5:50  Roach  
  90  5:51  Roach  
  90  5:53  Roach  
  90  5:56  Roach  
  98  5:57  Roach  
  98  5:59  Roach  
  98  6:01  Roach  
  98  6:03  Roach  
  104  6:05  Overlord  
  104  6:07  Roach  
  104  6:10  Roach  
  110  6:11  Roach  
  110  6:13  Roach  
  110  6:15  Roach  
  114  6:19  Unknown, Overlord  
  114  6:20  Roach  
  115  6:26  Roach x4  
  115  6:29  Roach  
  115  6:30  Roach  
  127  6:32  Roach  
  127  6:35  Roach  
  127  6:37  Roach  
  131  6:46  Zergling x12  
  137  6:52  Baneling x10  
  137  6:53  Baneling  
  137  6:59  Zergling x2  
  137  7:00  Zergling x4  
  140  7:02  Zergling x2  
  140  7:04  Zergling x2  
  140  7:07  Ravager x2  
  140  7:18  Roach  
  140  7:20  Roach  
  127  7:24  Roach  
  127  7:29  Roach x8  
  133  7:35  Roach  
  133  7:36  Roach  
  131  7:43  Roach x6  
  135  7:44  Zergling x2  
  135  7:45  Zergling x6  
  135  7:49  Roach  
  127  7:55  Zergling x2, Roach  
  128  7:58  Roach  
  128  8:04  Roach  
  132  8:08  Roach  
  132  8:10  Overlord x2  
  132  8:11  Overlord x2  
  134  8:13  Roach x5  
  134  8:18  Roach  
  146  8:21  Overlord  
  145  8:32  Roach  
  145  8:33  Roach x3  
  153  8:40  Roach x8  
  169  8:46  Roach x2  
  173  8:49  Roach x2  
  173  8:52  Roach  
  179  8:56  Ravager x3  
  179  8:58  Roach x2  
  186  9:06  Overseer  
  186  9:16  Roach x7  
  178  9:19  Roach  
  178  9:22  Roach  
  167  9:26  Roach x2  
  167  9:28  Roach  
  167  9:31  Roach  
  151  9:33  Roach  
  151  9:36  Roach x2  
  138  9:40  Roach  
  138  9:42  Roach  
  138  9:43  Roach  
  138  9:44  Roach  
  133  9:47  Roach  
  123  10:04  Hatchery  
Show
View Real Time Build Order
Export as new Build Order

HateMe Zerg 

Build Orders: Hatch First 

Get SALT Encoding   

  12  0:02  Drone  
  13  0:12  Overlord  
  13  0:17  Drone  
  14  0:30  Drone  
  14  0:31  Drone  
  16  0:36  Drone  
  17  0:52  Hatchery  
  17  0:55  Drone  
  17  0:58  Drone  
  17  1:02  Extractor  
  17  1:13  Spawning Pool  
  17  1:17  Drone  
  17  1:21  Drone  
  18  1:29  Drone  
  19  1:41  Overlord  
  19  2:00  Queen  
  21  2:01  Metabolic Boost  
  21  2:03  Queen  
  21  2:04  Zergling x2  
  21  2:05  Zergling x2  
  21  2:07  Zergling x2  
  26  2:11  Drone  
  26  2:14  Drone  
  28  2:25  Drone  
  29  2:32  Drone  
  30  2:40  Hatchery  
  29  2:44  Drone  
  29  2:48  Drone  
  31  2:52  Baneling Nest  
  31  2:54  Drone  
  31  3:01  Overlord  
  31  3:03  Drone  
  32  3:11  Zergling x6  
  35  3:14  Drone  
  35  3:19  Overlord  
  36  3:24  Drone x2  
  36  3:26  Drone  
  39  3:28  Drone  
  40  3:35  Queen  
  40  3:36  Baneling  
  40  3:37  Baneling  
  42  3:49  Zergling x4  
  42  3:50  Overlord  
  42  3:52  Drone x3  
  42  3:54  Drone  
  47  4:02  Drone x4  
  51  4:05  Baneling  
  51  4:10  Overlord  
  51  4:11  Drone  
  51  4:12  Drone  
  53  4:18  Evolution Chamber  
  53  4:19  Extractor  
  53  4:20  Drone x3  
  53  4:22  Baneling  
  53  4:23  Baneling  
  54  4:26  Overlord  
  54  4:28  Drone  
  56  4:31  Drone x3  
  58  4:39  Lair  
  58  4:44  Zerg Missile Weapons Level 1  
  58  4:46  Roach Warren, Drone x2  
  58  4:49  Overlord  
  58  4:51  Drone  
  56  5:07  Drone x4  
  56  5:13  Zergling x4  
  56  5:14  Zergling x6  
  64  5:20  Baneling x2  
  65  5:25  Overlord  
  65  5:26  Roach x2  
  65  5:27  Roach x2  
  73  5:31  Overlord  
  73  5:33  Drone x2  
  75  5:35  Drone  
  75  5:36  Drone x8  
  84  5:43  Drone  
  84  5:46  Drone  
  84  5:50  Extractor x2  
  84  5:52  Extractor x2  
  84  5:53  Roach x2  
  84  5:58  Ravager  
  84  6:00  Overseer  
  84  6:01  Roach x2  
  84  6:03  Overlord  
  89  6:05  Roach  
  89  6:06  Roach x3  
  89  6:07  Drone x3  
  89  6:08  Drone  
  89  6:10  Drone  
  89  6:11  Drone  
  103  6:25  Overlord  
  101  6:29  Drone  
  101  6:31  Roach  
  101  6:32  Roach x3  
  107  6:34  Roach x3  
  107  6:37  Spine Crawler, Overlord x3  
  107  6:38  Overlord  
  107  6:39  Spine Crawler  
  111  6:44  Roach  
  111  6:45  Roach x2  
  111  6:46  Roach x2  
  121  6:50  Ravager  
  122  6:56  Roach x2  
  122  6:57  Roach  
  128  7:01  Roach  
  128  7:02  Roach x3  
  128  7:04  Roach  
  138  7:09  Roach  
  138  7:12  Roach  
  142  7:18  Roach x7  
  126  7:25  Roach  
  126  7:29  Roach x2  
  110  7:33  Roach x4  
  97  7:38  Roach  
  97  7:42  Roach x2  
  95  7:46  Roach x6  
  98  7:58  Roach x3  
  104  8:02  Glial Reconstitution  
  104  8:04  Roach x2  
  108  8:06  Ravager x2  
  108  8:08  Roach  
  112  8:16  Roach x3  
  118  8:32  Roach x3  
  124  8:37  Ravager  
  124  8:38  Roach x3  
  131  8:51  Roach x3  
  137  8:59  Overlord  
  137  9:01  Roach x2  
  141  9:03  Ravager  
  141  9:05  Queen  
  141  9:07  Queen  
  141  9:08  Roach x2  
  150  9:15  Roach  
  138  9:20  Roach x3  
  128  9:30  Roach x2  
  103  9:33  Roach  
  89  9:41  Roach x2  
  89  9:42  Roach  
Tags
 
Add a new tag
Caveats
  • Supply blocks, unpowered buildings, or Contaminate may cause inaccurate times.
  • Supply counts are checked every 10 seconds.